Minnesota North Stars vs St.Louis Blues
Created - Wednesday, September 18, 2024 at 07:26
Goals
|
| Minnesota North Stars |
2 |
0 |
1 |
3 |
| St.Louis Blues |
1 |
3 |
1 |
5 |
|
Shots
|
| Minnesota North Stars |
13 |
3 |
12 |
28 |
| St.Louis Blues |
9 |
19 |
6 |
34 |
|
1st period
1. Minnesota North Stars , Brock Nelson 8 (Rasmus Dahlin 5, Yegor Sharangovich 4) at 10:56
2. St.Louis Blues , Logan O'Connor 3 (Jake Sanderson 7, Yanni Gourde 8) at 11:56
3. Minnesota North Stars , Ryan Nugent-Hopkins 5 (Frank Vatrano 14, Charlie Lindgren) at 18:29
Penalties :
Frank Vatrano (MNS) for Slashing (Minor) at 12:15
2nd period
4. St.Louis Blues , Jake Guentzel 12 (Elias Lindholm 12, Tage Thompson 10) at 2:06
5. St.Louis Blues , Alex Tuch 6 (Dakota Joshua 4, Scott Wedgewood) at 3:43
6. St.Louis Blues , Jake Guentzel 13 (Elias Pettersson 16, Alex Tuch 9) at 13:22 (PP)
Penalties :
Mikhail Sergachev (STL) for Hooking (Minor) at 5:39, Neal Pionk (MNS) for Holding (Minor) at 12:39, Lars Eller (STL) for Hooking (Minor) at 17:36
3rd period
7. Minnesota North Stars , Brandon Montour 3 (Jack Hughes 11, Valeri Nichushkin 18) at 0:18
8. St.Louis Blues , Jake Guentzel 14 (Elias Lindholm 13, Tage Thompson 11) at 9:11
Penalties :
Tage Thompson (STL) for Roughing (Minor) at 4:24
Goalie Stats
Charlie Lindgren (MNS), 29 saves from 34 shots - (0.853), L, 6-5-1, 60:00 minutes
Scott Wedgewood (STL), 25 saves from 28 shots - (0.893), W, 5-3-3, 60:00 minutes
Players Stats for Minnesota North Stars
Player Name G A P +/- PIM S H SB GA TA FO MP PP MP PK MP
------------------------------------------------------------------------------------
Brandon Montour 1 0 1 0 0 2 1 1 0 1 0/0 20:29 2:29 0:00
Brock Nelson 1 0 1 0 0 3 1 0 1 0 0/1 15:06 0:00 0:00
Dylan DeMelo 0 0 0 0 0 1 1 1 0 2 0/0 18:08 0:00 1:08
Evgeni Malkin 0 0 0 0 0 5 2 0 2 1 7/14 15:18 0:00 0:12
Frank Vatrano 0 1 1 0 2 2 2 2 0 0 1/2 16:32 2:53 0:22
Gustav Forsling 0 0 0 0 0 2 2 0 0 0 0/0 21:48 3:28 1:08
Jack Hughes 0 1 1 0 0 2 0 0 0 0 7/13 18:00 2:47 0:00
Jeff Skinner 0 0 0 -1 0 1 0 0 0 1 0/0 10:42 3:00 0:00
Lawson Crouse 0 0 0 0 0 0 3 0 0 1 1/2 16:18 0:00 1:15
Neal Pionk 0 0 0 -1 2 0 1 0 0 1 0/0 20:07 2:29 0:51
Rasmus Dahlin 0 1 1 -1 0 0 1 0 0 0 0/0 20:32 3:28 0:43
Ryan Nugent-Hopkins 1 0 1 0 0 2 0 0 2 0 1/3 15:15 0:14 1:24
Samuel Girard 0 0 0 0 0 0 4 0 0 0 0/0 18:55 0:00 1:34
Valeri Nichushkin 0 1 1 0 0 2 1 1 0 0 0/1 15:52 0:00 0:09
Viktor Arvidsson 0 0 0 -1 0 1 1 0 1 0 0/1 10:22 2:53 0:00
William Eklund 0 0 0 -1 0 0 2 1 0 1 1/4 11:15 3:00 0:00
William Karlsson 0 0 0 0 0 4 3 0 0 0 3/12 16:25 3:00 1:06
Yegor Sharangovich 0 1 1 0 0 1 0 2 1 0 1/1 16:12 0:04 0:56
Players Stats for St.Louis Blues
Player Name G A P +/- PIM S H SB GA TA FO MP PP MP PK MP
------------------------------------------------------------------------------------
Adam Pelech 0 0 0 -1 0 0 0 0 0 0 0/0 13:05 0:00 0:02
Alex Tuch 1 1 2 0 0 4 1 1 0 0 0/0 13:01 1:34 0:00
Colin Blackwell 0 0 0 1 0 1 0 0 0 0 0/0 6:57 0:00 0:00
Colton Parayko 0 0 0 1 0 1 1 2 0 0 0/0 26:22 1:34 2:45
Dakota Joshua 0 1 1 0 0 1 4 0 0 1 1/1 11:03 0:09 0:00
Elias Lindholm 0 2 2 2 0 2 1 0 0 0 6/9 19:12 0:51 2:28
Elias Pettersson 0 1 1 -2 0 5 1 1 2 2 2/2 19:25 1:42 0:28
Jaccob Slavin 0 0 0 1 0 2 0 0 0 1 0/0 19:25 0:00 3:10
Jake Guentzel 3 0 3 2 0 5 0 1 2 0 2/2 17:46 1:51 0:18
Jake Sanderson 0 1 1 1 0 3 0 1 0 1 0/0 19:54 1:08 2:45
Lars Eller 0 0 0 0 2 2 0 0 1 0 3/5 12:33 0:00 1:56
Logan O'Connor 1 0 1 1 0 1 1 2 0 1 0/0 10:26 0:00 2:54
Mark Stone 0 0 0 -2 0 1 1 1 1 0 0/0 17:42 0:51 0:00
Mikhail Sergachev 0 0 0 -1 2 0 1 1 0 1 0/0 14:08 0:00 0:02
Nick Leddy 0 0 0 1 0 1 0 0 2 0 0/0 24:26 0:00 3:10
Robert Thomas 0 0 0 -2 0 3 2 0 0 0 16/32 20:40 1:51 1:10
Tage Thompson 0 2 2 2 2 1 5 0 0 0 0/0 16:00 0:51 0:00
Yanni Gourde 0 1 1 1 0 1 2 1 0 0 2/3 11:55 1:08 2:40
3 Stars
1 - Jake Guentzel (STL)
2 - Tage Thompson (STL)
3 - Alex Tuch (STL)
Power Play
Minnesota North Stars - 0 on 3 Attempt(s) - 0.00%
St.Louis Blues - 1 on 2 Attempt(s) - 50.00%
Penalty Kill
Minnesota North Stars - 1 on 2 Attempt(s) - 50.00%
- Score 0 goal in Penalty Kill
St.Louis Blues - 3 on 3 Attempt(s) - 100.00%
- Score 0 goal in Penalty Kill
Team Stat
Minnesota North Stars - Hits : 25 - Faceoff Wins : 22 - Blocked Shots : 8 - Penalty Minutes : 4
St.Louis Blues - Hits : 20 - Faceoff Wins : 32 - Blocked Shots : 11 - Penalty Minutes : 6
Official
Referees : Kevin Pollock and Jake Brenk
Linesman : Bryan Pancich and Jonathan Deschamps
Game Notes
Jake Guentzel has scored a Hat Trick!
Finance
Level 1 -- Attendance: 4415 (73.58%) -- Ticket Income $428,255
Level 2 -- Attendance: 4595 (91.90%) -- Ticket Income $261,915
Level 3 -- Attendance: 2271 (75.70%) -- Ticket Income $77,214
Level 4 -- Attendance: 5000 (100.00%) -- Ticket Income $115,000
Luxury Box -- Attendance: 1000 (100.00%) -- Ticket Income $194,000
Game was played at the Scottrade Center.
Total Attendance: 17281 (86.41%)
Total Ticket Income: $1,076,384
Other Income: $376,734
Total Income: $1,453,118
Minnesota North Stars
5 vs 5 Forward
Center Left Wing Right Wing Time % Phy DF OF
1 Jack Hughes Valeri Nichushkin Lawson Crouse 29 1 2 2
2 William Karlsson Ryan Nugent-Hopkins Frank Vatrano 28 1 2 2
3 Evgeni Malkin Brock Nelson Yegor Sharangovich 28 1 2 2
4 William Eklund Viktor Arvidsson Jeff Skinner 15 1 2 2
5 vs 5 Defense
Defense Defense Time % Phy DF OF
1 Rasmus Dahlin Neal Pionk 34 1 2 2
2 Gustav Forsling Dylan DeMelo 33 1 2 2
3 Brandon Montour Samuel Girard 33 1 2 2
4 Rasmus Dahlin Gustav Forsling 0 1 2 2
PowerPlay Forward
Center Left Wing Right Wing Time % Phy DF OF
1 Jack Hughes Viktor Arvidsson Frank Vatrano 50 1 2 2
2 William Karlsson William Eklund Jeff Skinner 50 1 2 2
PowerPlay Defense
Defense Defense Time % Phy DF OF
1 Rasmus Dahlin Gustav Forsling 50 1 2 2
2 Neal Pionk Brandon Montour 50 1 2 2
Penalty Kill 4 Players Forward
Center Wing Time % Phy DF OF
1 William Karlsson Lawson Crouse 50 1 2 2
2 Ryan Nugent-Hopkins Frank Vatrano 50 1 2 2
Penalty Kill 4 Players Defense
Defense Defense Time % Phy DF OF
1 Dylan DeMelo Gustav Forsling 50 1 2 2
2 Neal Pionk Samuel Girard 50 1 2 2
Penalty Kill - 3 Players Forward
Forward Time % Phy DF OF
1 Ryan Nugent-Hopkins 50 1 3 1
2 William Karlsson 50 1 3 1
Penalty Kill - 3 Players Defense
Defense Defense Time % Phy DF OF
1 Rasmus Dahlin Gustav Forsling 50 1 3 1
2 Neal Pionk Brandon Montour 50 1 3 1
4 vs 4 Forward
Center Wing Time % Phy DF OF
1 Jack Hughes Valeri Nichushkin 50 1 2 2
2 William Karlsson Lawson Crouse 50 1 2 2
4 vs 4 Defense
Defense Defense Time % Phy DF OF
1 Dylan DeMelo Gustav Forsling 50 1 2 2
2 Neal Pionk Samuel Girard 50 1 2 2
Last Minutes Offensive
Center Left Wing Right Wing Defense Defense
William Karlsson Valeri Nichushkin Frank Vatrano Rasmus Dahlin Gustav Forsling
Last Minutes Defensive
Center Left Wing Right Wing Defense Defense
William Karlsson Valeri Nichushkin Frank Vatrano Rasmus Dahlin Gustav Forsling
Goaltenders
Starting : Charlie Lindgren
Backup : Stuart Skinner
Extra Forwards
Normal : William Eklund, Ryan Nugent-Hopkins, Yegor Sharangovich - PP : William Eklund, Ryan Nugent-Hopkins - PK : Yegor Sharangovich
Extra Defensemen
Normal : Dylan DeMelo, Samuel Girard, Neal Pionk - PP : Dylan DeMelo - PK : Samuel Girard, Neal Pionk
Penalty Shots
Valeri Nichushkin, William Karlsson, Evgeni Malkin, Jack Hughes, Brock Nelson
Scratches
Santtu Kinnunen (Healthy), Eeli Tolvanen (Healthy), Evan Rodrigues (Healthy), Roni Hirvonen (Healthy), Oskari Salminen (Healthy)
St.Louis Blues
5 vs 5 Forward
Center Left Wing Right Wing Time % Phy DF OF
1 Robert Thomas Elias Pettersson Mark Stone 40 0 2 3
2 Elias Lindholm Jake Guentzel Tage Thompson 30 0 2 3
3 Lars Eller Dakota Joshua Alex Tuch 20 1 2 2
4 Yanni Gourde Logan O'Connor Colin Blackwell 10 1 3 1
5 vs 5 Defense
Defense Defense Time % Phy DF OF
1 Colton Parayko Nick Leddy 45 1 2 2
2 Jake Sanderson Jaccob Slavin 35 1 2 2
3 Mikhail Sergachev Adam Pelech 20 1 2 2
4 Nick Leddy Colton Parayko 0 1 2 2
PowerPlay Forward
Center Left Wing Right Wing Time % Phy DF OF
1 Robert Thomas Elias Pettersson Jake Guentzel 60 1 0 4
2 Elias Lindholm Tage Thompson Mark Stone 40 1 0 4
PowerPlay Defense
Defense Defense Time % Phy DF OF
1 Yanni Gourde Jake Sanderson 60 0 1 4
2 Alex Tuch Colton Parayko 40 0 1 4
Penalty Kill 4 Players Forward
Center Wing Time % Phy DF OF
1 Lars Eller Logan O'Connor 50 1 4 0
2 Elias Lindholm Yanni Gourde 50 1 4 0
Penalty Kill 4 Players Defense
Defense Defense Time % Phy DF OF
1 Jake Sanderson Colton Parayko 50 1 4 0
2 Jaccob Slavin Nick Leddy 50 1 4 0
Penalty Kill - 3 Players Forward
Forward Time % Phy DF OF
1 Elias Lindholm 50 0 5 0
2 Lars Eller 50 0 5 0
Penalty Kill - 3 Players Defense
Defense Defense Time % Phy DF OF
1 Jake Sanderson Colton Parayko 50 0 5 0
2 Nick Leddy Jaccob Slavin 50 0 5 0
4 vs 4 Forward
Center Wing Time % Phy DF OF
1 Elias Lindholm Elias Pettersson 50 0 2 3
2 Robert Thomas Jake Guentzel 50 0 2 3
4 vs 4 Defense
Defense Defense Time % Phy DF OF
1 Jake Sanderson Colton Parayko 50 1 2 2
2 Nick Leddy Jaccob Slavin 50 1 2 2
Last Minutes Offensive
Center Left Wing Right Wing Defense Defense
Robert Thomas Elias Pettersson Jake Guentzel Tage Thompson Jake Sanderson
Last Minutes Defensive
Center Left Wing Right Wing Defense Defense
Lars Eller Logan O'Connor Elias Lindholm Nick Leddy Colton Parayko
Goaltenders
Starting : Scott Wedgewood
Backup : Connor Hellebuyck
Extra Forwards
Normal : Robert Thomas, Jake Guentzel, Tage Thompson - PP : Mark Stone, Dakota Joshua - PK : Robert Thomas
Extra Defensemen
Normal : Jake Sanderson, Jaccob Slavin, Mikhail Sergachev - PP : Mikhail Sergachev - PK : Jaccob Slavin, Colton Parayko
Penalty Shots
Elias Pettersson, Tage Thompson, Alex Tuch, Yanni Gourde, Jake Guentzel
Scratches
Jack Eichel (Healthy), Nico Sturm (Healthy), Alex Pietrangelo (Healthy)
% Time on Ice - Minnesota North Stars
Lines # - Real PCT - Wanted PCT - Time Play
Normal Forward
1 - 30% - 29% - 15:27
2 - 26% - 28% - 13:20
3 - 29% - 28% - 15:06
4 - 15% - 15% - 7:28
Normal Defense
1 - 34% - 34% - 17:22
2 - 32% - 33% - 16:38
3 - 34% - 33% - 17:21
4 - 0% - 0% - 0:00
PP Forward
1 - 50% - 50% - 2:57
2 - 50% - 50% - 3:00
PP Defense
1 - 58% - 50% - 3:28
2 - 42% - 50% - 2:29
PK Forward
1 - 41% - 50% - 1:06
2 - 59% - 50% - 1:36
PK Defense
1 - 42% - 50% - 1:08
2 - 58% - 50% - 1:34
PK3 Forward
1 - 0% - 50%
2 - 0% - 50%
PK3 Defense
1 - 0% - 50%
2 - 0% - 50%
44 Forward
1 - 0% - 50%
2 - 0% - 50%
44 Defense
1 - 0% - 50%
2 - 0% - 50%
Last Minute Offensive - 0:00
Last Minute Defensive - 0:00
Total
Forward - 60:00
Defense - 60:00
|
% Time on Ice - St.Louis Blues
Lines # - Real PCT - Wanted PCT - Time Play
Normal Forward
1 - 37% - 40% - 18:50
2 - 31% - 30% - 15:41
3 - 19% - 20% - 9:53
4 - 14% - 10% - 6:57
Normal Defense
1 - 41% - 45% - 21:02
2 - 34% - 35% - 17:28
3 - 25% - 20% - 12:51
4 - 0% - 0% - 0:00
PP Forward
1 - 69% - 60% - 1:51
2 - 31% - 40% - 0:51
PP Defense
1 - 42% - 60% - 1:08
2 - 58% - 40% - 1:34
PK Forward
1 - 54% - 50% - 3:12
2 - 46% - 50% - 2:45
PK Defense
1 - 46% - 50% - 2:45
2 - 54% - 50% - 3:12
PK3 Forward
1 - 0% - 50%
2 - 0% - 50%
PK3 Defense
1 - 0% - 50%
2 - 0% - 50%
44 Forward
1 - 0% - 50%
2 - 0% - 50%
44 Defense
1 - 0% - 50%
2 - 0% - 50%
Last Minute Offensive - 0:00
Last Minute Defensive - 0:00
Total
Forward - 60:00
Defense - 60:00
|
Play-by-Play
1st period
0:01 of 1st period - Jack Hughes wins face-off versus Robert Thomas in neutral zone.
0:10 of 1st period - Robert Thomas is hit by Neal Pionk and loses puck.
1:41 of 1st period - Snap shot by Elias Pettersson.
1:41 of 1st period - Stopped by Charlie Lindgren with a rebound.
2:08 of 1st period - Slapshot by Samuel Girard.
2:08 of 1st period - Shot Blocked by Jake Guentzel.
2:24 of 1st period - Slapshot by Alex Tuch.
2:24 of 1st period - Stopped by Charlie Lindgren without a rebound.
2:25 of 1st period - Robert Thomas wins face-off versus Evgeni Malkin in Minnesota North Stars zone.
3:43 of 1st period - Snap shot by Jack Hughes.
3:43 of 1st period - Shot Misses the Net.
3:45 of 1st period - Wrist shot by Valeri Nichushkin.
3:45 of 1st period - Shot Hit the Post.
4:22 of 1st period - Wrist shot by Evgeni Malkin.
4:22 of 1st period - Stopped by Scott Wedgewood with a rebound.
4:44 of 1st period - Snap shot by Jeff Skinner.
4:44 of 1st period - Shot Blocked by Alex Tuch.
5:09 of 1st period - Off-side.
5:10 of 1st period - Robert Thomas wins face-off versus William Karlsson in neutral zone.
5:31 of 1st period - Nick Leddy is hit by Frank Vatrano and loses puck.
6:36 of 1st period - Wrist shot by Brock Nelson.
6:36 of 1st period - Stopped by Scott Wedgewood with a rebound.
6:38 of 1st period - Slapshot by Neal Pionk.
6:38 of 1st period - Shot Blocked by Mikhail Sergachev.
6:50 of 1st period - Yegor Sharangovich is hit by Logan O'Connor and loses puck.
7:01 of 1st period - Snap shot by Brock Nelson.
7:01 of 1st period - Shot Blocked by Logan O'Connor.
7:03 of 1st period - Snap shot by Brock Nelson.
7:03 of 1st period - Stopped by Scott Wedgewood with a rebound.
7:05 of 1st period - Slapshot by Dylan DeMelo.
7:05 of 1st period - Deflect By Brock Nelson.
7:05 of 1st period - Shot Misses the Net.
7:05 of 1st period - Puck is out of play.
7:06 of 1st period - Robert Thomas wins face-off versus Valeri Nichushkin in St.Louis Blues zone.
7:11 of 1st period - Snap shot by Valeri Nichushkin.
7:11 of 1st period - Shot Blocked by Colton Parayko.
7:13 of 1st period - Wrist shot by Dylan DeMelo.
7:13 of 1st period - Stopped by Scott Wedgewood with a rebound.
7:58 of 1st period - Frank Vatrano is hit by Elias Lindholm.
8:23 of 1st period - Backhand shot by Jake Sanderson.
8:23 of 1st period - Stopped by Charlie Lindgren without a rebound.
8:24 of 1st period - Dakota Joshua wins face-off versus William Eklund in Minnesota North Stars zone.
8:37 of 1st period - Wrist shot by Dakota Joshua.
8:37 of 1st period - Stopped by Charlie Lindgren without a rebound.
8:38 of 1st period - Ryan Nugent-Hopkins wins face-off versus Robert Thomas in Minnesota North Stars zone.
8:57 of 1st period - Ryan Nugent-Hopkins is hit by Mark Stone and loses puck.
9:08 of 1st period - Slapshot by Frank Vatrano.
9:08 of 1st period - Shot Misses the Net.
9:10 of 1st period - Wrist shot by William Karlsson.
9:10 of 1st period - Stopped by Scott Wedgewood without a rebound.
9:11 of 1st period - Jake Guentzel wins face-off versus Jack Hughes in St.Louis Blues zone.
9:11 of 1st period - Jake Guentzel is hit by Lawson Crouse.
9:49 of 1st period - Snap shot by Evgeni Malkin.
9:49 of 1st period - Stopped by Scott Wedgewood without a rebound.
9:50 of 1st period - Jack Hughes wins face-off versus Robert Thomas in St.Louis Blues zone.
10:22 of 1st period - Wrist shot by Jake Guentzel.
10:22 of 1st period - Stopped by Charlie Lindgren without a rebound.
10:23 of 1st period - Elias Lindholm wins face-off versus William Karlsson in Minnesota North Stars zone.
10:44 of 1st period - Snap shot by Frank Vatrano.
10:44 of 1st period - Stopped by Scott Wedgewood with a rebound.
10:46 of 1st period - Slapshot by Gustav Forsling.
10:46 of 1st period - Stopped by Scott Wedgewood without a rebound.
10:47 of 1st period - Evgeni Malkin wins face-off versus Robert Thomas in St.Louis Blues zone.
10:52 of 1st period - Slapshot by Evgeni Malkin.
10:52 of 1st period - Stopped by Scott Wedgewood with a rebound.
10:54 of 1st period - Wrist shot by Yegor Sharangovich.
10:54 of 1st period - Stopped by Scott Wedgewood with a rebound.
10:56 of 1st period - Backhand shot by Rasmus Dahlin.
10:56 of 1st period - Deflect By Brock Nelson.
10:56 of 1st period - Goal by Brock Nelson - Minnesota North Stars : 1 - St.Louis Blues : 0.
10:57 of 1st period - Robert Thomas wins face-off versus William Eklund in neutral zone.
11:02 of 1st period - Icing by Jeff Skinner.
11:03 of 1st period - Robert Thomas wins face-off versus William Eklund in Minnesota North Stars zone.
11:32 of 1st period - Wrist shot by Jake Guentzel.
11:32 of 1st period - Shot Misses the Net.
11:38 of 1st period - Snap shot by Elias Lindholm.
11:38 of 1st period - Stopped by Charlie Lindgren with a rebound.
11:56 of 1st period - Snap shot by Logan O'Connor.
11:56 of 1st period - Goal by Logan O'Connor - Minnesota North Stars : 1 - St.Louis Blues : 1.
11:57 of 1st period - Evgeni Malkin wins face-off versus Robert Thomas in neutral zone.
12:10 of 1st period - Snap shot by Robert Thomas.
12:10 of 1st period - Stopped by Charlie Lindgren without a rebound.
12:11 of 1st period - Robert Thomas wins face-off versus William Karlsson in Minnesota North Stars zone.
12:15 of 1st period - Minor Penalty to Frank Vatrano for Slashing.
12:16 of 1st period - Lawson Crouse wins face-off versus Robert Thomas in Minnesota North Stars zone.
12:42 of 1st period - Mark Stone is hit by Lawson Crouse.
13:24 of 1st period - Samuel Girard is hit by Yanni Gourde and loses puck.
14:15 of 1st period - Penalty to Frank Vatrano is over, Frank Vatrano is back on ice.
14:29 of 1st period - Ryan Nugent-Hopkins is hit by Dakota Joshua and loses puck.
15:13 of 1st period - Snap shot by Jake Guentzel.
15:13 of 1st period - Shot Misses the Net.
15:15 of 1st period - Slapshot by Alex Tuch.
15:15 of 1st period - Deflect By Jake Guentzel.
15:15 of 1st period - Shot Blocked by Valeri Nichushkin.
15:15 of 1st period - Puck is out of play.
15:16 of 1st period - Yanni Gourde wins face-off versus Evgeni Malkin in Minnesota North Stars zone.
15:23 of 1st period - Colin Blackwell is hit by Evgeni Malkin.
15:29 of 1st period - Jaccob Slavin is hit by Evgeni Malkin and loses puck.
15:58 of 1st period - Wrist shot by Jack Hughes.
15:58 of 1st period - Deflect By Lawson Crouse.
15:58 of 1st period - Shot Blocked by Elias Pettersson.
15:58 of 1st period - Puck is out of play.
15:59 of 1st period - Yanni Gourde wins face-off versus Jack Hughes in St.Louis Blues zone.
16:04 of 1st period - Wrist shot by Yanni Gourde.
16:04 of 1st period - Stopped by Charlie Lindgren with a rebound.
16:49 of 1st period - Logan O'Connor is hit by Viktor Arvidsson and loses puck.
17:00 of 1st period - Gustav Forsling is hit by Dakota Joshua and loses puck.
17:33 of 1st period - Yegor Sharangovich is hit by Tage Thompson and loses puck.
17:46 of 1st period - Wrist shot by Yegor Sharangovich.
17:46 of 1st period - Shot Blocked by Logan O'Connor.
17:48 of 1st period - Slapshot by Viktor Arvidsson.
17:48 of 1st period - Shot Misses the Net.
17:54 of 1st period - Snap shot by Viktor Arvidsson.
17:54 of 1st period - Deflect By Yanni Gourde.
17:54 of 1st period - Stopped by Scott Wedgewood with a rebound.
18:14 of 1st period - Mikhail Sergachev is hit by Samuel Girard and loses puck.
18:29 of 1st period - Snap shot by Ryan Nugent-Hopkins.
18:29 of 1st period - Goal by Ryan Nugent-Hopkins - Minnesota North Stars : 2 - St.Louis Blues : 1.
18:30 of 1st period - Elias Pettersson wins face-off versus Jack Hughes in neutral zone.
18:59 of 1st period - Colton Parayko is hit by Dylan DeMelo and loses puck.
19:28 of 1st period - Brandon Montour is hit by Dakota Joshua and loses puck.
19:43 of 1st period - Wrist shot by Alex Tuch.
19:43 of 1st period - Deflect By Elias Pettersson.
19:43 of 1st period - Shot Misses the Net.
19:43 of 1st period - Puck is out of play.
19:44 of 1st period - William Karlsson wins face-off versus Robert Thomas in Minnesota North Stars zone.
Goals for this period are 2 for Minnesota North Stars vs 1 for St.Louis Blues.
Shots for this period are 13 for Minnesota North Stars vs 9 for St.Louis Blues.
2nd period
0:01 of 2nd period - Elias Lindholm wins face-off versus Jack Hughes in neutral zone.
0:06 of 2nd period - Dylan DeMelo is hit by Colton Parayko and loses puck.
0:15 of 2nd period - Snap shot by Elias Lindholm.
0:15 of 2nd period - Shot Misses the Net.
0:17 of 2nd period - Slapshot by Colton Parayko.
0:17 of 2nd period - Stopped by Charlie Lindgren with a rebound.
0:52 of 2nd period - Brandon Montour is hit by Alex Tuch and loses puck.
1:07 of 2nd period - William Eklund is hit by Yanni Gourde and loses puck.
1:40 of 2nd period - Colton Parayko is hit by Lawson Crouse and loses puck.
2:06 of 2nd period - Wrist shot by Jake Guentzel.
2:06 of 2nd period - Goal by Jake Guentzel - Minnesota North Stars : 2 - St.Louis Blues : 2.
2:07 of 2nd period - Robert Thomas wins face-off versus Evgeni Malkin in neutral zone.
2:14 of 2nd period - Slapshot by Jake Sanderson.
2:14 of 2nd period - Stopped by Charlie Lindgren with a rebound.
2:38 of 2nd period - Slapshot by Jake Sanderson.
2:38 of 2nd period - Stopped by Charlie Lindgren with a rebound.
2:48 of 2nd period - Slapshot by Jake Sanderson.
2:48 of 2nd period - Shot Misses the Net.
3:43 of 2nd period - Snap shot by Alex Tuch.
3:43 of 2nd period - Goal by Alex Tuch - Minnesota North Stars : 2 - St.Louis Blues : 3.
3:44 of 2nd period - Robert Thomas wins face-off versus Frank Vatrano in neutral zone.
3:51 of 2nd period - Snap shot by Elias Pettersson.
3:51 of 2nd period - Stopped by Charlie Lindgren without a rebound.
3:52 of 2nd period - Robert Thomas wins face-off versus William Karlsson in Minnesota North Stars zone.
4:17 of 2nd period - Snap shot by Elias Pettersson.
4:17 of 2nd period - Stopped by Charlie Lindgren with a rebound.
4:19 of 2nd period - Slapshot by Jake Sanderson.
4:19 of 2nd period - Shot Misses the Net.
4:21 of 2nd period - Slapshot by Jaccob Slavin.
4:21 of 2nd period - Stopped by Charlie Lindgren without a rebound.
4:22 of 2nd period - Jake Guentzel wins face-off versus Evgeni Malkin in Minnesota North Stars zone.
4:37 of 2nd period - Snap shot by Tage Thompson.
4:37 of 2nd period - Stopped by Charlie Lindgren with a rebound.
5:16 of 2nd period - Slapshot by Elias Pettersson.
5:16 of 2nd period - Stopped by Charlie Lindgren without a rebound.
5:17 of 2nd period - Jack Hughes wins face-off versus Elias Lindholm in Minnesota North Stars zone.
5:17 of 2nd period - Jack Hughes is hit by Tage Thompson.
5:39 of 2nd period - Minor Penalty to Mikhail Sergachev for Hooking.
5:40 of 2nd period - Lars Eller wins face-off versus Jack Hughes in St.Louis Blues zone.
6:40 of 2nd period - Icing by William Eklund.
6:41 of 2nd period - Elias Lindholm wins face-off versus Viktor Arvidsson in Minnesota North Stars zone.
6:48 of 2nd period - Snap shot by Elias Lindholm.
6:48 of 2nd period - Shot Misses the Net.
7:02 of 2nd period - Logan O'Connor is hit by William Karlsson and loses puck.
7:07 of 2nd period - Wrist shot by William Eklund.
7:07 of 2nd period - Deflect By William Karlsson.
7:07 of 2nd period - Stopped by Scott Wedgewood with a rebound.
7:39 of 2nd period - Penalty to Mikhail Sergachev is over, Mikhail Sergachev is back on ice.
8:04 of 2nd period - Snap shot by Elias Lindholm.
8:04 of 2nd period - Shot Misses the Net.
8:42 of 2nd period - Snap shot by Elias Lindholm.
8:42 of 2nd period - Stopped by Charlie Lindgren without a rebound.
8:43 of 2nd period - Evgeni Malkin wins face-off versus Robert Thomas in Minnesota North Stars zone.
9:27 of 2nd period - Icing by Dylan DeMelo.
9:28 of 2nd period - William Eklund wins face-off versus Robert Thomas in Minnesota North Stars zone.
9:57 of 2nd period - Snap shot by William Karlsson.
9:57 of 2nd period - Stopped by Scott Wedgewood with a rebound.
10:57 of 2nd period - Snap shot by Lars Eller.
10:57 of 2nd period - Stopped by Charlie Lindgren with a rebound.
11:55 of 2nd period - Jake Sanderson is hit by William Karlsson.
12:11 of 2nd period - Wrist shot by Viktor Arvidsson.
12:11 of 2nd period - Shot Blocked by Jake Sanderson.
12:39 of 2nd period - Minor Penalty to Neal Pionk for Holding.
12:40 of 2nd period - Robert Thomas wins face-off versus William Karlsson in Minnesota North Stars zone.
12:49 of 2nd period - Snap shot by Jake Guentzel.
12:49 of 2nd period - Shot Hit the Post.
12:51 of 2nd period - Snap shot by Alex Tuch.
12:51 of 2nd period - Stopped by Charlie Lindgren with a rebound.
13:22 of 2nd period - Snap shot by Jake Guentzel.
13:22 of 2nd period - Deflect By Frank Vatrano.
13:22 of 2nd period - Goal by Jake Guentzel - Minnesota North Stars : 2 - St.Louis Blues : 4.
13:23 of 2nd period - Lars Eller wins face-off versus William Karlsson in neutral zone.
13:32 of 2nd period - Snap shot by Alex Tuch.
13:32 of 2nd period - Stopped by Charlie Lindgren without a rebound.
13:33 of 2nd period - Frank Vatrano wins face-off versus Lars Eller in Minnesota North Stars zone.
13:44 of 2nd period - Slapshot by Frank Vatrano.
13:44 of 2nd period - Shot Misses the Net.
13:50 of 2nd period - Wrist shot by Lars Eller.
13:50 of 2nd period - Stopped by Charlie Lindgren with a rebound.
13:52 of 2nd period - Wrist shot by Dakota Joshua.
13:52 of 2nd period - Shot Blocked by Frank Vatrano.
13:54 of 2nd period - Slapshot by Nick Leddy.
13:54 of 2nd period - Stopped by Charlie Lindgren without a rebound.
13:55 of 2nd period - Elias Pettersson wins face-off versus Evgeni Malkin in Minnesota North Stars zone.
14:10 of 2nd period - Snap shot by Mark Stone.
14:10 of 2nd period - Stopped by Charlie Lindgren with a rebound.
15:54 of 2nd period - Slapshot by Evgeni Malkin.
15:54 of 2nd period - Stopped by Scott Wedgewood without a rebound.
15:55 of 2nd period - Robert Thomas wins face-off versus Jack Hughes in St.Louis Blues zone.
16:24 of 2nd period - Snap shot by Colin Blackwell.
16:24 of 2nd period - Stopped by Charlie Lindgren with a rebound.
16:26 of 2nd period - Wrist shot by Logan O'Connor.
16:26 of 2nd period - Deflect By Colin Blackwell.
16:26 of 2nd period - Shot Blocked by Brandon Montour.
16:26 of 2nd period - Puck is out of play.
16:27 of 2nd period - Evgeni Malkin wins face-off versus Yanni Gourde in Minnesota North Stars zone.
16:34 of 2nd period - Snap shot by Logan O'Connor.
16:34 of 2nd period - Shot Blocked by Dylan DeMelo.
16:44 of 2nd period - Slapshot by Brock Nelson.
16:44 of 2nd period - Shot Blocked by Yanni Gourde.
16:54 of 2nd period - Snap shot by Robert Thomas.
16:54 of 2nd period - Shot Misses the Net.
17:36 of 2nd period - Minor Penalty to Lars Eller for Hooking.
17:37 of 2nd period - William Karlsson wins face-off versus Robert Thomas in St.Louis Blues zone.
18:02 of 2nd period - Elias Lindholm is hit by Frank Vatrano and loses puck.
18:11 of 2nd period - Snap shot by Jack Hughes.
18:11 of 2nd period - Shot Misses the Net.
18:25 of 2nd period - Logan O'Connor is hit by Gustav Forsling and loses puck.
19:36 of 2nd period - Penalty to Lars Eller is over, Lars Eller is back on ice.
Goals for this period are 0 for Minnesota North Stars vs 3 for St.Louis Blues.
Shots for this period are 3 for Minnesota North Stars vs 19 for St.Louis Blues.
3rd period
0:01 of 3rd period - Jack Hughes wins face-off versus Robert Thomas in neutral zone.
0:08 of 3rd period - Slapshot by Brandon Montour.
0:08 of 3rd period - Deflect By Jack Hughes.
0:08 of 3rd period - Shot Blocked by Colton Parayko.
0:08 of 3rd period - Puck is out of play.
0:09 of 3rd period - Jack Hughes wins face-off versus Robert Thomas in St.Louis Blues zone.
0:12 of 3rd period - Wrist shot by Valeri Nichushkin.
0:12 of 3rd period - Shot Blocked by Mark Stone.
0:16 of 3rd period - Slapshot by Jack Hughes.
0:16 of 3rd period - Shot Misses the Net.
0:18 of 3rd period - Slapshot by Brandon Montour.
0:18 of 3rd period - Goal by Brandon Montour - Minnesota North Stars : 3 - St.Louis Blues : 4.
0:19 of 3rd period - Robert Thomas wins face-off versus William Karlsson in neutral zone.
0:26 of 3rd period - Off-side.
0:27 of 3rd period - William Karlsson wins face-off versus Robert Thomas in neutral zone.
0:30 of 3rd period - Colton Parayko is hit by Samuel Girard and loses puck.
1:10 of 3rd period - Icing by Frank Vatrano.
1:11 of 3rd period - Elias Lindholm wins face-off versus William Karlsson in Minnesota North Stars zone.
1:18 of 3rd period - Slapshot by Tage Thompson.
1:18 of 3rd period - Shot Misses the Net.
1:20 of 3rd period - Wrist shot by Tage Thompson.
1:20 of 3rd period - Shot Misses the Net.
1:22 of 3rd period - Backhand shot by Jaccob Slavin.
1:22 of 3rd period - Stopped by Charlie Lindgren without a rebound.
1:23 of 3rd period - Elias Lindholm wins face-off versus Brock Nelson in Minnesota North Stars zone.
1:42 of 3rd period - Icing by Evgeni Malkin.
1:43 of 3rd period - Evgeni Malkin wins face-off versus Robert Thomas in Minnesota North Stars zone.
2:39 of 3rd period - Lars Eller is hit by William Karlsson and loses puck.
2:44 of 3rd period - Snap shot by Frank Vatrano.
2:44 of 3rd period - Stopped by Scott Wedgewood with a rebound.
2:46 of 3rd period - Slapshot by Ryan Nugent-Hopkins.
2:46 of 3rd period - Stopped by Scott Wedgewood with a rebound.
2:48 of 3rd period - Snap shot by William Karlsson.
2:48 of 3rd period - Stopped by Scott Wedgewood with a rebound.
3:12 of 3rd period - Slapshot by Yanni Gourde.
3:12 of 3rd period - Shot Blocked by William Eklund.
3:41 of 3rd period - Off-side.
3:42 of 3rd period - Jack Hughes wins face-off versus Elias Lindholm in neutral zone.
4:03 of 3rd period - Snap shot by Jack Hughes.
4:03 of 3rd period - Shot Misses the Net.
4:07 of 3rd period - Snap shot by Valeri Nichushkin.
4:07 of 3rd period - Shot Misses the Net.
4:09 of 3rd period - Snap shot by Valeri Nichushkin.
4:09 of 3rd period - Stopped by Scott Wedgewood with a rebound.
4:24 of 3rd period - Minor Penalty to Tage Thompson for Roughing.
4:25 of 3rd period - Lars Eller wins face-off versus William Karlsson in St.Louis Blues zone.
6:24 of 3rd period - Penalty to Tage Thompson is over, Tage Thompson is back on ice.
6:35 of 3rd period - Wrist shot by Lars Eller.
6:35 of 3rd period - Deflect By Tage Thompson.
6:35 of 3rd period - Shot Misses the Net.
6:35 of 3rd period - Puck is out of play.
6:36 of 3rd period - Evgeni Malkin wins face-off versus Robert Thomas in Minnesota North Stars zone.
7:03 of 3rd period - Jack Hughes is hit by Tage Thompson and loses puck.
7:24 of 3rd period - Neal Pionk is hit by Dakota Joshua and loses puck.
7:48 of 3rd period - Jake Sanderson is hit by Gustav Forsling and loses puck.
7:55 of 3rd period - Yanni Gourde is hit by William Eklund and loses puck.
8:14 of 3rd period - Wrist shot by Brock Nelson.
8:14 of 3rd period - Deflect By Evgeni Malkin.
8:14 of 3rd period - Stopped by Scott Wedgewood without a rebound.
8:15 of 3rd period - Robert Thomas wins face-off versus Lawson Crouse in St.Louis Blues zone.
8:42 of 3rd period - Rasmus Dahlin is hit by Mikhail Sergachev and loses puck.
9:11 of 3rd period - Snap shot by Jake Guentzel.
9:11 of 3rd period - Goal by Jake Guentzel - Minnesota North Stars : 3 - St.Louis Blues : 5.
9:12 of 3rd period - Robert Thomas wins face-off versus Evgeni Malkin in neutral zone.
9:23 of 3rd period - Robert Thomas is hit by Rasmus Dahlin and loses puck.
9:49 of 3rd period - Snap shot by Jake Guentzel.
9:49 of 3rd period - Stopped by Charlie Lindgren without a rebound.
9:50 of 3rd period - Robert Thomas wins face-off versus Ryan Nugent-Hopkins in Minnesota North Stars zone.
10:03 of 3rd period - Snap shot by Robert Thomas.
10:03 of 3rd period - Stopped by Charlie Lindgren without a rebound.
10:04 of 3rd period - Yegor Sharangovich wins face-off versus Robert Thomas in Minnesota North Stars zone.
10:15 of 3rd period - Slapshot by Elias Pettersson.
10:15 of 3rd period - Shot Blocked by Yegor Sharangovich.
10:37 of 3rd period - Snap shot by Valeri Nichushkin.
10:37 of 3rd period - Stopped by Scott Wedgewood with a rebound.
10:39 of 3rd period - Wrist shot by Jack Hughes.
10:39 of 3rd period - Stopped by Scott Wedgewood without a rebound.
10:40 of 3rd period - Elias Lindholm wins face-off versus Ryan Nugent-Hopkins in St.Louis Blues zone.
12:11 of 3rd period - Neal Pionk is hit by Tage Thompson and loses puck.
13:02 of 3rd period - Mikhail Sergachev is hit by Valeri Nichushkin and loses puck.
13:21 of 3rd period - Colin Blackwell is hit by Brock Nelson and loses puck.
13:40 of 3rd period - Wrist shot by Jake Guentzel.
13:40 of 3rd period - Shot Blocked by Frank Vatrano.
13:57 of 3rd period - Icing by Jake Guentzel.
13:58 of 3rd period - Jack Hughes wins face-off versus Elias Lindholm in St.Louis Blues zone.
14:15 of 3rd period - Wrist shot by Jack Hughes.
14:15 of 3rd period - Stopped by Scott Wedgewood without a rebound.
14:16 of 3rd period - Robert Thomas wins face-off versus Evgeni Malkin in St.Louis Blues zone.
14:16 of 3rd period - Robert Thomas is hit by Samuel Girard.
14:21 of 3rd period - Robert Thomas is hit by Samuel Girard.
14:27 of 3rd period - Snap shot by Elias Pettersson.
14:27 of 3rd period - Deflect By Robert Thomas.
14:27 of 3rd period - Stopped by Charlie Lindgren with a rebound.
14:29 of 3rd period - Wrist shot by Colton Parayko.
14:29 of 3rd period - Shot Misses the Net.
14:31 of 3rd period - Snap shot by Elias Pettersson.
14:31 of 3rd period - Stopped by Charlie Lindgren with a rebound.
14:33 of 3rd period - Slapshot by Nick Leddy.
14:33 of 3rd period - Shot Blocked by Yegor Sharangovich.
14:48 of 3rd period - Slapshot by Brandon Montour.
14:48 of 3rd period - Stopped by Scott Wedgewood with a rebound.
16:26 of 3rd period - Lawson Crouse is hit by Tage Thompson and loses puck.
16:35 of 3rd period - Snap shot by Gustav Forsling.
16:35 of 3rd period - Stopped by Scott Wedgewood with a rebound.
16:53 of 3rd period - Colton Parayko is hit by William Eklund and loses puck.
17:27 of 3rd period - Brock Nelson is hit by Robert Thomas and loses puck.
17:38 of 3rd period - Gustav Forsling is hit by Elias Pettersson and loses puck.
17:47 of 3rd period - Elias Pettersson is hit by Brandon Montour and loses puck.
17:56 of 3rd period - Brock Nelson is hit by Robert Thomas.
18:21 of 3rd period - Icing by Evgeni Malkin.
18:22 of 3rd period - Evgeni Malkin wins face-off versus Lars Eller in Minnesota North Stars zone.
19:00 of 3rd period - Wrist shot by Jeff Skinner.
19:00 of 3rd period - Stopped by Scott Wedgewood with a rebound.
Goals for this period are 1 for Minnesota North Stars vs 1 for St.Louis Blues.
Shots for this period are 12 for Minnesota North Stars vs 6 for St.Louis Blues.
Back to the Top